AoeStats
← Larsaut

Nomad

510710307Analyzed
4v4 RM · 24h ago on Oct 2, 2026· 32m 59s· 8 players
Game mode
Random Map
Map size
231×231
Population
200
Speed
Normal
Resources
Standard
Victory
Conquest
Starting age
Dark Age
Ending age
Imperial Age
RankedLock teamsTeams togetherTeam positionsShared explorationLock speedFull tech treeHidden civsTurbo modeCheats
Victory
Defeat
🇦🇷 Tupi · Argentina
1679
+12
🇲🇴 Vikings · Macao SAR China
1650
+13
🇹🇼 Maya · Taiwan
1489
+19
🇹🇼 Inca · Taiwan
1380
+24
🇨🇳 Shu · China
1646
-20
🇨🇳 Huns · China
1611
-19
🇷🇺 Khitans · Russia
1570
-17
🇨🇳 Italians · China
1459
-12
Rain
4:47 Loom
14:28 Feudal Age
18:33 Castle Age
22:07 Wheelbarrow
23:02 Horse Collar
23:39 Double-Bit Axe
25:30 Fletching
25:39 Stone Mining
26:56 Bodkin Arrow
暴躁的辉仔
7:39 Loom
12:52 Feudal Age
17:00 Castle Age
17:48 Town Watch
18:16 Scale Barding Armor
20:45 Forging
25:03 Horse Collar
29:01 Husbandry
29:10 Double-Bit Axe
31:53 Wheelbarrow
Larsaut
5:28 Loom
13:48 Feudal Age
20:48 Castle Age
27:15 Double-Bit Axe
30:49 Horse Collar
BlackBaby
5:23 Loom
13:57 Feudal Age
17:35 Castle Age
16:34 Town Watch
16:38 Double-Bit Axe
18:50 Wheelbarrow
19:18 Bow Saw
22:32 Hand Cart
[超雷大黑店]雷比
9:30 Loom
10:07 Loom
13:11 Feudal Age
17:02 Castle Age
15:55 Double-Bit Axe
17:13 Fletching
17:10 Town Watch
17:39 Crossbowman
20:41 Squires
21:17 Bow Saw
20:49 Horse Collar
22:12 Bodkin Arrow
25:00 Scale Mail Armor
26:22 Chain Mail Armor
31:05 Ballistics
鯊魚86
9:49 Loom
12:48 Feudal Age
17:01 Castle Age
18:02 Town Watch
19:16 Double-Bit Axe
25:11 Sanctity
26:53 Horse Collar
28:18 Redemption
29:30 Wheelbarrow
32:20 Hand Cart
32:24 Bow Saw
野生傑尼龜
6:52 Loom
12:08 Feudal Age
12:45 Double-Bit Axe
22:18 Castle Age
20:13 Fletching
21:06 Horse Collar
22:31 Padded Archer Armor
22:25 Gold Mining
23:13 Medium Warships
25:02 Bow Saw
25:52 Bodkin Arrow
27:31 Wheelbarrow
28:02 Leather Archer Armor
28:16 Fishing Lines
28:36 Stone Mining
31:45 Imperial Age
31:31 Stone Shaft Mining
32:49 Bracer
34:06 Ring Archer Armor
BocaBoca
5:58 Loom
14:24 Feudal Age
15:54 Double-Bit Axe
18:17 Castle Age
16:22 Gold Mining
16:59 Town Watch
19:21 Fletching
20:02 Bodkin Arrow
21:31 Padded Archer Armor
29:59 Bow Saw
30:14 Ballistics
32:37 Leather Archer Armor
Connection lost

Rejoining the realm…

Still unreachable

The connection could not be restored.

Session expired

The server has moved on; the page needs a fresh start.